Match 46802528
Unlisted

Match 46802528
End
Pioneer Squad
Construct Infanterie Kompanie
Selects Terror Battlegroup
Selects Machine Gun Camouflage
MG 42 Machine Gun Team
Sniper
MG 42 Machine Gun Team
Medical Station
Grenadier Squad
Construct Panzergrenadier Kompanie
Pak 40 Anti-tank Gun Team
Panzergrenadier Officer Quarters
Support Elements
StuG III G Assault Gun
Selects Contempt for the Weak
Panzergrenadier Squad
Side Skirts
Selects Jericho Trumpet
Jericho Trumpet
MG 42 Bunker
StuG III G Assault Gun
Jericho Trumpet
251 Medium Carrier
Selects V1 Rocket Strike
V1 Rocket Strike
_Nemez_
哎呀妈呀
不可抱萌物
Boneless
Arwootarch
BazookaJoe
0
0

Comments sign in to comment!

No comments posted yet!